 Dungeon Crawl Stone Soup version 0.21-a0-531-gacddea6 (webtiles) character file.

56 KeeTraxx the Insei (level 3, 0/23 HPs)
             Began as an Octopode Transmuter on Dec 13, 2017.
             Slain by a kobold
             ... wielding a cursed -1 whip
              (2 damage)
             ... on level 2 of the Dungeon.
             The game lasted 00:03:43 (1270 turns).

KeeTraxx the Insei (Octopode Transmuter)            Turns: 1270, Time: 00:03:43

Health: 0/23       AC:  1    Str:  9    XL:     3   Next: 97%
Magic:  6/7        EV: 13    Int: 16    God:
Gold:   98         SH:  0    Dex: 12    Spells: 4/7 levels left

rFire    . . .     SeeInvis .     - Unarmed
rCold    . . .     Gourm    .   (no shield)
rNeg     . . .     Faith    .   (helmet restricted)
rPois    .         Spirit   .   (no amulet)
rElec    .         Reflect  .   (no ring)
rCorr    .         Harm     .   (no ring)
MR       .....                  (no ring)
Stlth    ++........             (no ring)
HPRegen  0.07/turn              (no ring)
MPRegen  0.10/turn              (no ring)
                                (no ring)
                                (no ring)

@: appendage
A: almost no armour, stealthy swim, amphibious, 8 rings, constrict 8, tentacle
spike 3, camouflage 1, gelatinous body 1
a: End Transformation


You were on level 2 of the Dungeon.
You were not hungry.
One of your tentacles had a temporary spike.
You visited 1 branch of the dungeon, and saw 2 of its levels.

You collected 98 gold pieces.

Inventory:

Hand Weapons
 b - a +0 hunting sling
Missiles
 a - 54 arrows
 f - 28 stones (quivered)
 k - 14 sling bullets
Scrolls
 d - a scroll of amnesia {unknown}
 g - a scroll of magic mapping {unknown}
 i - 5 scrolls of identify {unknown}
Potions
 e - a potion of flight {unknown}
 m - a potion of degeneration {unknown}
Books
 l - a book of Changes

   Spells                             Type                      Level
   a - Beastly Appendage              Transmutation                1
   b - Sticks to Snakes               Transmutation                2
   c - Spider Form                    Transmutation/Poison         3
   d - Ice Form                       Ice/Transmutation            4
   e - Blade Hands                    Transmutation                5
Comestibles
 c - a bread ration
 h - a meat ration
 j - a royal jelly
 n - 2 chunks of flesh


   Skills:
 + Level 1.2 Fighting
 - Level 2.0 Dodging
 + Level 3.8 Unarmed Combat
 + Level 2.7 Spellcasting
 + Level 2.4 Transmutations


You had 4 spell levels left.
You knew the following spells:

 Your Spells              Type           Power        Failure   Level  Hunger
a - Beastly Appendage     Tmut           ##....       7%          1    #......
b - Sticks to Snakes      Tmut           ##......     11%         2    ##.....


Dungeon Overview and Level Annotations

Branches:
Dungeon (2/15)

Altars:
Ashenzari
Zin


Innate Abilities, Weirdness & Mutations

You cannot wear most types of armour.
You are very stealthy in the water. (Stealth+)
You are amphibious.
You can wear up to eight rings at the same time.
You can use your tentacles to constrict eight enemies at once.
Your skin changes colour to match your surroundings (Stealth+).
Your rubbery body absorbs attacks. (AC +1, EV +1)
One of your tentacles bears a large vicious spike.


Message History

The jackal barely misses you.
You tentacle-slap the jackal.
Your tentacle spike misses the jackal.
You squeeze the jackal, but do no damage.
The jackal is severely wounded.
You constrict the jackal. The jackal bites you.
* * * LOW HITPOINT WARNING * * *
You barely miss the jackal.
You pierce the jackal, but do no damage.
You tentacle-slap the jackal.
You kill the jackal!
The kobold throws a stone.
The stone hits you but does no damage.
Unknown command.
Throwing (i - inventory):
f - 29 stones (quivered)
Press: ? - help, Shift-Dir - straight line, f - kobold
Aim: a kobold, wielding an enchanted whip You throw a stone.
The stone hits the kobold but does no damage.
You barely miss the kobold. Your grab misses the kobold.
The kobold hits you with an enchanted whip.
You die...

#.#.# ##.###.# #.#.#
#.# #.# #######.#.#
#.# #.#
..........#####รท#
#.#
######.......##.###.#
#..............#
####.##.##.#######
#.##....###...###
...#....@K(.....#
##.##..####.####.#
####..##.....#
#..#.......# #.
#.......#
#......_.....
#.#.......#.#
#%#.......#.# .
##.....## #


You could see a kobold.

Vanquished Creatures
  2 adders (D:2)
  A worm (D:2)
  2 dart slugs (D:1)
  2 giant cockroaches (D:1)
  3 hobgoblins (D:1)
  7 jackals (D:2)
  7 kobolds
  A quokka (D:2)
  3 bats
  A frilled lizard (D:1)
  A goblin (D:2)
30 creatures vanquished.

Notes
Turn   | Place    | Note
-------+----------+-------------------------------------------
     0 | D:1      | KeeTraxx the Octopode Transmuter began the quest for the Orb.
     0 | D:1      | Reached XP level 1. HP: 13/13 MP: 3/3
   136 | D:1      | Reached XP level 2. HP: 10/18 MP: 3/5
   854 | D:2      | Learned a level 2 spell: Sticks to Snakes
   862 | D:2      | Found a shattered altar of Ashenzari.
   889 | D:2      | Reached XP level 3. HP: 19/23 MP: 4/6
  1217 | D:2      | Found a glowing silver altar of Zin.
  1270 | D:2      | Slain by a kobold

Vault maps used:
D:1:      mainiacjoe_arrival_reflecting_pool
D:2:      old_standard_altar, ashenzari_altar_1

Action                   || total
-------------------------++-------
Melee: Unarmed           ||    78
       Kick              ||    21
       Constrict         ||    22
       Tentacles         ||     3
       Punch             ||     3
 Fire: Hunting sling     ||     3
Throw: Stone             ||     2
 Cast: Beastly Appendage ||    19
 Stab: Sleeping          ||     4
  Eat: Chunk             ||     1
Armor: Skin              ||     8
Dodge: Dodged            ||    53

Table legend:
 A = Spawn XP
 B = Non-spawn XP
 C = Spawn XP percentage of total XP
 D = Spawn monster count
 E = Non-spawn monster count
 F = Spawn count percentage of total count
 G = Total turns spent on level
                    A         B        C        D         E        F      G
               +---------+---------+-------+---------+---------+-------+---------
         Total |       0 |      81 |   0.0 |       0 |      30 |   0.0 |  1270
               +---------+---------+-------+---------+---------+-------+---------
           D:1 |       0 |      27 |   0.0 |       0 |      15 |   0.0 |   840
           D:2 |       0 |      54 |   0.0 |       0 |      15 |   0.0 |   430
               +---------+---------+-------+---------+---------+-------+---------
